Map: Abyssal Reef LE

Players

Kelazhur - Winner!

  • Race: Terran Terran
  • Spawn Location: 5:00

Optimus

  • Race: Terran Terran
  • Spawn Location: 11:00

Event: WCS Austin 2017

VOD

Have the link to the VOD?

Description

Time

  • Played on: April 28, 2017, 1:51 p.m.
  • Length: 12:42

All games in this series

Show
View Real Time Build Order
Export as new Build Order

Kelazhur Terran - Winner!

Build Orders: 1/1/1, Cyclone Opening, Bio Tank 

Get SALT Encoding   

  12  0:00  SCV  
  13  0:12  SCV  
  14  0:17  Supply Depot  
  14  0:24  SCV  
  14  0:27  Refinery  
  15  0:38  SCV  
  16  0:44  Barracks  
  16  0:50  SCV  
  16  0:55  Refinery  
  17  1:02  SCV  
  18  1:14  SCV  
  19  1:31  Reaper, Orbital Command  
  20  1:35  Factory  
  20  1:45  Supply Depot  
  20  1:56  SCV  
  21  2:03  Reaper  
  22  2:08  SCV  
  23  2:19  Cyclone  
  23  2:20  Starport  
  23  2:22  SCV  
  27  2:29  Supply Depot  
  27  2:35  SCV  
  27  2:36  Barracks Tech Lab  
  28  2:48  SCV  
  28  2:51  Cyclone  
  32  3:00  SCV  
  32  3:03  Banshee  
  36  3:13  Barracks Reactor, SCV  
  37  3:33  SCV  
  38  3:45  SCV  
  38  3:46  Supply Depot  
  39  3:55  Command Center  
  34  3:57  Raven, SCV  
  34  3:58  Marine x2  
  39  4:07  Cyclone  
  39  4:09  SCV  
  43  4:14  Supply Depot  
  43  4:21  Marine  
  43  4:22  Marine  
  45  4:35  SCV  
  46  4:39  Marine x2  
  46  4:43  Raven  
  47  4:47  SCV  
  47  4:49  Factory Tech Lab  
  48  4:57  Marine x2  
  50  5:05  SCV  
  51  5:07  Orbital Command  
  51  5:09  Barracks  
  51  5:10  Barracks  
  51  5:11  Siege Tank  
  54  5:19  Marine x2  
  56  5:22  Refinery  
  56  5:23  Refinery, SCV  
  57  5:35  SCV  
  58  5:36  Marine x2  
  58  5:37  SCV  
  61  5:43  Siege Tank  
  61  5:47  SCV  
  61  5:49  SCV  
  66  5:59  SCV  
  66  6:00  Starport Reactor  
  66  6:01  SCV  
  69  6:04  Marine, Stimpack  
  69  6:05  Supply Depot, Barracks Reactor  
  69  6:11  SCV  
  69  6:17  Marine x2, SCV  
  73  6:19  Supply Depot  
  73  6:22  Marine  
  73  6:23  SCV  
  75  6:35  Marine x2  
  75  6:36  Siege Tank  
  75  6:38  Medivac x2  
  84  6:40  Marine  
  84  6:43  SCV  
  84  6:44  Marine x2  
  88  6:48  Supply Depot  
  88  6:49  Engineering Bay, SCV  
  88  6:53  Marine x2  
  91  6:55  SCV  
  92  7:02  Marine  
  92  7:03  Supply Depot  
  93  7:09  Medivac x2  
  93  7:10  Marine x3  
  100  7:16  SCV  
  100  7:22  Terran Infantry Weapons Level 1, Marine  
  101  7:23  Supply Depot  
  101  7:24  Marine  
  101  7:28  Marine, SCV  
  101  7:37  Siege Tank  
  101  7:42  Command Center  
  101  7:43  SCV  
  105  7:46  Marine x2  
  105  7:50  Medivac  
  109  7:52  Medivac  
  109  7:57  Supply Depot  
  110  7:59  Marine, SCV  
  110  8:01  Marine  
  113  8:11  Marine  
  113  8:12  Marine  
  112  8:19  SCV  
  100  8:22  Marine x2  
  102  8:32  Marine x2  
  102  8:33  SCV  
  87  8:34  Marine  
  87  8:37  Medivac x2  
  87  8:39  Barracks  
  87  8:40  Siege Tank, Marine  
  91  8:42  Barracks, Marine  
  91  8:43  SCV  
  93  8:49  SCV  
  93  8:55  Marine x2, SCV  
  95  9:00  Orbital Command  
  95  9:01  Marine x2  
  95  9:02  Marine, SCV  
  97  9:07  SCV  
  99  9:13  Siege Tank  
  99  9:14  SCV  
  103  9:21  Marine x2, SCV  
  103  9:22  Combat Shields, Marine x3  
  105  9:26  SCV x2  
  101  9:33  SCV  
  101  9:38  SCV  
  102  9:39  Marine x2  
  102  9:40  Refinery, Marine x2  
  102  9:41  Barracks Reactor x2  
  102  9:42  Terran Infantry Armor Level 1  
  106  9:46  Engineering Bay  
  106  9:54  Marine  
  106  9:57  SCV x2  
  106  9:58  Armory  
  106  9:59  Refinery, Marine x4  
  110  10:02  Sensor Tower  
  110  10:05  Siege Tank  
  114  10:11  Missile Turret, Sensor Tower  
  114  10:12  Marine  
  115  10:17  Marine x4  
  115  10:20  Marine x4  
  123  10:23  Orbital Command  
  123  10:28  Supply Depot  
  122  10:30  Marine  
  122  10:35  Marine x4  
  123  10:37  Siege Tank  
  123  10:38  Marine x4  
  132  10:43  Liberator  
  132  10:47  Marine  
  125  10:53  Marine x2  
  126  10:59  Orbital Command  
  128  11:08  Marine  
  129  11:21  Marine  
  130  11:31  Orbital Command  
  124  11:49  Marine  
  124  11:51  Marine  
  124  11:52  Marine  
  127  11:55  Orbital Command  
  127  12:03  Marine x2  
  129  12:13  Marine  
  130  12:18  Marine x2  
  130  12:20  Sensor Tower  
  132  12:34  Supply Depot  
  132  12:36  Supply Depot  
Show
View Real Time Build Order
Export as new Build Order

Optimus Terran 

Build Orders: 1/1/1, Cyclone Opening, MMM Bio 

Get SALT Encoding   

  12  0:00  SCV  
  13  0:12  SCV  
  14  0:17  Supply Depot  
  14  0:25  SCV  
  15  0:29  Refinery  
  15  0:38  SCV  
  16  0:45  Barracks  
  16  0:50  SCV  
  16  0:55  Refinery  
  17  1:02  SCV  
  18  1:15  SCV  
  19  1:27  SCV  
  19  1:32  Reaper  
  21  1:34  Factory  
  21  1:39  Orbital Command  
  21  1:48  Supply Depot  
  21  2:04  Reaper  
  21  2:05  SCV  
  23  2:17  Hellion, SCV  
  23  2:20  Starport  
  26  2:29  SCV  
  27  2:31  Supply Depot  
  27  2:36  Barracks Tech Lab  
  27  2:41  SCV  
  28  2:44  Cyclone  
  31  2:53  SCV  
  32  3:02  Raven  
  34  3:15  Command Center  
  34  3:19  SCV  
  34  3:31  SCV  
  35  3:43  SCV  
  36  3:56  Raven  
  38  4:03  Command Center  
  38  4:04  Supply Depot  
  38  4:10  SCV  
  39  4:25  Barracks Reactor  
  39  4:26  SCV  
  39  4:28  Factory Tech Lab  
  40  4:38  SCV  
  37  4:41  Raven  
  35  4:50  SCV  
  36  4:57  Barracks  
  36  4:58  Barracks  
  36  5:02  SCV  
  36  5:05  Marine x2  
  39  5:12  Siege Tank  
  42  5:14  SCV  
  42  5:21  Orbital Command  
  42  5:26  SCV  
  43  5:37  Marine  
  43  5:38  SCV  
  43  5:40  Stimpack  
  44  5:45  Refinery  
  44  5:48  Barracks Reactor  
  44  5:49  SCV  
  45  5:50  SCV  
  45  5:53  Starport Reactor  
  45  5:55  Marine  
  47  6:00  Supply Depot, Marine x2  
  47  6:01  SCV  
  47  6:02  SCV  
  54  6:11  Siege Tank  
  54  6:13  Marine, SCV  
  54  6:14  SCV  
  54  6:17  Engineering Bay  
  57  6:21  Supply Depot  
  57  6:24  Marine x2  
  59  6:25  SCV  
  59  6:27  SCV  
  61  6:35  Viking  
  61  6:36  Viking  
  61  6:38  SCV  
  66  6:40  SCV  
  65  6:48  Terran Infantry Weapons Level 1  
  65  6:50  SCV  
  65  6:52  Supply Depot  
  65  6:53  SCV  
  65  6:54  Marine x2  
  68  6:55  Marine x2  
  68  6:56  Marine  
  72  7:07  Medivac x2  
  77  7:10  SCV  
  77  7:13  Marine  
  77  7:14  Marine x3  
  77  7:15  Supply Depot, SCV  
  81  7:21  Supply Depot, Marine  
  81  7:22  Siege Tank  
  86  7:36  Marine x3  
  91  7:37  Supply Depot  
  91  7:40  Medivac  
  91  7:44  Barracks  
  91  7:45  Barracks  
  91  7:47  Medivac  
  93  7:53  SCV  
  93  7:54  Marine x2, SCV  
  93  7:55  Marine  
  97  7:59  Refinery  
  97  8:02  Combat Shields  
  96  8:10  SCV  
  97  8:18  SCV  
  97  8:19  Marine x2, Siege Tank  
  89  8:22  SCV  
  69  8:35  Marine x2  
  69  8:37  Barracks Reactor  
  68  8:45  Refinery  
  67  8:53  Marine x2  
  67  8:54  Marine  
  67  9:03  SCV x2  
  67  9:05  Terran Infantry Armor Level 1, Marine x2  
  71  9:10  Marine  
  71  9:11  Marine x2  
  74  9:23  Marine x5  
  77  9:28  Marine  
  77  9:29  Marine  
  75  9:33  Siege Tank  
  75  9:34  Marine  
  75  9:37  SCV  
  80  9:41  Marine x4  
  81  9:49  Marine  
  81  9:50  Marine x2  
  81  9:52  Marine  
  84  9:55  SCV  
  84  9:56  Supply Depot  
  84  9:59  Marine x4  
  90  10:00  Medivac  
  93  10:07  Marine  
  93  10:08  Marine x2  
  93  10:11  Supply Depot  
  93  10:13  Siege Tank  
  98  10:19  Marine x2  
  100  10:27  SCV x2  
  102  10:29  Marine x2  
  102  10:33  Medivac  
  106  10:41  Marine  
  107  10:47  Siege Tank  
  86  10:57  Marine  
  86  10:58  Marine x2  
  89  11:10  Marine x3  
  89  11:41  Orbital Command  
  89  11:47  Supply Depot  
  88  12:08  Marine  
  88  12:09  Siege Tank, SCV  
  88  12:14  Supply Depot  
  93  12:20  Marine  
  94  12:32  Supply Depot  
Tags
 
Add a new tag
Caveats
  • Supply blocks, unpowered buildings, or Contaminate may cause inaccurate times.
  • Supply counts are checked every 10 seconds.